 Dungeon Crawl Stone Soup version 0.27-a0-1193-g8631133539 (webtiles) character file.

Game seed: 5659064025881393792

1729 pokeman the Thaumaturge (level 8, -8/44 HPs)
             Began as a Deep Elf Hedge Wizard on May 26, 2021.
             Was an Initiate of Vehumet.
             Mangled by a boulder beetle (52 damage)
             ... on level 7 of the Dungeon.
             The game lasted 00:14:57 (8480 turns).

pokeman the Thaumaturge (Deep Elf Hedge Wizard)     Turns: 8480, Time: 00:14:58

Health: -8/44      AC:  6    Str:  7    XL:     8   Next: 76%
Magic:  24/33      EV: 16    Int: 25    God:    Vehumet [......]
Gold:   318        SH:  0    Dex: 14    Spells: 16/27 levels left

rFire    . . .     SeeInvis .   I - +5 short sword of the Chickpea {flame, rC+ Will- Int+3}
rCold    + . .     Faith    .   (no shield)
rNeg     . . .     Spirit   .   w - +0 leather armour
rPois    .         Reflect  .   u - +1 helmet
rElec    .         Harm     .   (no cloak)
rCorr    .         Rampage  .   D - +0 pair of gloves
Will     .....                  (no boots)
Stlth    ++........             K - amulet of regeneration
HPRegen  1.14/turn              y - +4 ring of evasion
MPRegen  0.23/turn              G - ring of magical power

@: no status effects
A: no striking features
a: Renounce Religion


You were on level 7 of the Dungeon.
You worshipped Vehumet.
Vehumet was noncommittal.
You visited 2 branches of the dungeon, and saw 8 of its levels.

You collected 318 gold pieces.

Inventory:

Hand Weapons
 n - a +0 hand crossbow
 q - a +2 scythe of venom
 B - the +7 whip of Mana {speed, Drain rCorr Str-5 Int+7}
   (You found it on level 6 of the Dungeon)

   Attacks with this weapon are significantly faster.
   It affects your strength (-5).
   It affects your intelligence (+7).
   It protects you from acid and corrosion.
   It drains your maximum health when unequipped.
 I - the +5 short sword of the Chickpea (weapon) {flame, rC+ Will- Int+3}
   (You found it on level 6 of the Dungeon)

   It has been specially enchanted to burn those struck by it, causing extra
   injury to most foes and up to half again as much damage against particularly
   susceptible opponents.
   It affects your intelligence (+3).
   It protects you from cold.
   It decreases your willpower.
Missiles
 d - 132 arrows
 j - 36 bolts
Armour
 u - a +1 helmet (worn)
 w - a +0 leather armour (worn)
 D - a +0 pair of gloves (worn)
 H - a +0 buckler
Jewellery
 v - a ring of resist corrosion
 x - a ring of protection from cold
 y - a +4 ring of evasion (left hand)
 z - a +4 ring of evasion
 F - an amulet of guardian spirit
 G - a ring of magical power (right hand)
 K - an amulet of regeneration (around neck)
Wands
 p - a wand of acid (5)
 r - a wand of charming (10)
 E - a wand of flame (24)
 J - a wand of mindburst (16)
Scrolls
 a - a scroll of enchant armour {unknown}
 b - a scroll of amnesia {unknown}
 c - 5 scrolls of teleportation {unknown}
 f - a scroll of blinking {unknown}
 i - 3 scrolls of magic mapping {unknown}
 m - 2 scrolls of fear {unknown}
 o - a scroll of enchant weapon {unknown}
 s - 4 scrolls of identify {unknown}
Potions
 e - 3 potions of lignification {unknown}
 g - a potion of attraction {unknown}
 h - a potion of curing {unknown}
 k - a potion of resistance {unknown}
 l - 2 potions of brilliance {unknown}
 t - 3 potions of haste {unknown}
 A - a potion of mutation {unknown}
 C - a potion of cancellation {unknown}


   Skills:
 - Level 2.0 Fighting
 + Level 1.9 Armour
 - Level 4.0 Dodging
 - Level 3.1 Stealth
 - Level 1.0 Shields
 * Level 10.2 Spellcasting
 + Level 5.5 Conjurations
 - Level 1.1 Summonings
 - Level 1.1 Translocations
 + Level 3.8 Fire Magic
 - Level 1.0 Air Magic
 - Level 1.0 Poison Magic
 - Level 2.0 Evocations


You had 16 spell levels left.
You knew the following spells:

 Your Spells              Type           Power      Damage    Failure   Level
a - Magic Dart            Conj           100%       1d8       1%          1
b - Mephitic Cloud        Conj/Pois/Air  25%        N/A       8%          3
c - Call Imp              Summ           18%        N/A       7%          2
d - Blink                 Tloc           N/A        N/A       7%          2
e - Conjure Flame         Conj/Fire      36%        6-21      3%          3

Your spell library contained the following spells:

 Spells                   Type           Power      Damage    Failure   Level
 Slow                     Hex            12%        N/A       11%         2


Dungeon Overview and Level Annotations

Branches:
Dungeon (7/15)             Temple (1/1) D:6

Altars:
Ashenzari
Cheibriados
Dithmenos
Elyvilon
Fedhas
Gozag
Hepliaklqana
Kikubaaqudgha
Makhleb
Nemelex Xobeh
Okawaru
Qazlal
Ru
Sif Muna
Trog
Uskayaw
Vehumet
Wu Jian
Yredelemnul
Zin
The Shining One

Shops:
D:1 *   D:7 (


Message History

You hit the boulder beetle. You burn the boulder beetle.
The boulder beetle is lightly wounded.
The boulder beetle is engulfed in blazing flames.
The boulder beetle bites you but does no damage.
Unknown command.
Unknown command.
You hit the boulder beetle but do no damage.
The boulder beetle is lightly wounded.
The boulder beetle is engulfed in blazing flames.
The boulder beetle leaps!
Unknown command.
Unknown command.
Casting: Mephitic Cloud (dangerous; 8% risk of failure)
Confirm with . or Enter, or press ? or * to list all spells.
Aiming: Mephitic Cloud (dangerous; 8% risk of failure)
Press: ? - help, Shift-Dir - straight line, f/p - boulder beetle
Aim: a boulder beetle (moderately wounded, not susceptible)
The ball explodes into a vile cloud!
The stinking cloud engulfs the boulder beetle but does no damage.
The boulder beetle is moderately wounded.
The boulder beetle is engulfed in noxious fumes.
The boulder beetle curls into a ball and begins rolling!
Unknown command.
Unknown command.
Casting: Mephitic Cloud (dangerous; 8% risk of failure)
Confirm with . or Enter, or press ? or * to list all spells.
The fire begins to smoulder!
The boulder beetle is engulfed in noxious fumes.
The boulder beetle appears confused.
The boulder beetle is engulfed in noxious fumes.
The boulder beetle appears confused.
The fire ignites!
The boulder beetle is engulfed in noxious fumes. x2
The boulder beetle is engulfed in noxious fumes.
The boulder beetle appears confused.
There is an open door here.
The boulder beetle is engulfed in noxious fumes.
The boulder beetle is engulfed in blazing flames.
The boulder beetle hits you!!!
Ouch! That really hurt!
You die...

.# .#. #.##.#. #.#....
#.#.#.# #.#.#.# #.#§#.#
######.#'#.##
#.......B@..#
#.......°.#.#
#.........#.#
######+#°##.#
############.#○##.##
#.......∩.##.#.##..##.###
#.........##'#...†.......
#...............##.#....#
#########.......##.#..#.#


You could see a boulder beetle (rolling, confused).

Vanquished Creatures
  Sigmund (D:2)
  Menkaure (D:6)
  An orc warrior (D:6)
  An ice beast (D:6)
  A necrophage (D:7)
  3 phantoms
  A water moccasin zombie (D:5)
  6 killer bees (D:6)
  2 centaur zombies
  4 bullfrog zombies
  2 hounds
  2 jellies
  An orc priest (D:6)
  An iguana (D:6)
  2 orc wizards
  A scorpion zombie (D:5)
  A hound zombie (D:5)
  Robin (D:2)
  A howler monkey skeleton (D:4)
  A howler monkey zombie (D:6)
  8 adders
  An ufetubus (D:5)
  An adder zombie (D:3)
  An adder skeleton (D:3)
  2 worms
  4 dart slugs
  9 orcs
  6 bats
  5 endoplasms
  2 giant cockroaches
  8 goblins
  15 hobgoblins
  3 jackals (D:1)
  3 quokkas
  2 ball pythons (D:1)
  7 frilled lizards
  6 kobolds
  11 rats
128 creatures vanquished.

Vanquished Creatures (collateral kills)
  A hound (D:6)
  Terence (D:2)
2 creatures vanquished.

Grand Total: 130 creatures vanquished

Notes
Turn   | Place    | Note
-------+----------+-------------------------------------------
     0 | D:1      | pokeman the Deep Elf Hedge Wizard began the quest for the
                  | Orb.
     0 | D:1      | Reached XP level 1. HP: 10/10 MP: 7/7
    13 | D:1      | Found Eraroroa's Assorted Antiques.
   285 | D:1      | Reached XP level 2. HP: 16/16 MP: 3/9
   800 | D:1      | Reached skill level 5 in Spellcasting
  1252 | D:1      | Reached XP level 3. HP: 20/20 MP: 6/11
  1256 | D:1      | Learned a level 3 spell: Mephitic Cloud
  1259 | D:1      | Learned a level 2 spell: Call Imp
  1262 | D:1      | Learned a level 2 spell: Blink
  1266 | D:1      | Learned a level 3 spell: Conjure Flame
  1695 | D:2      | Reached skill level 1 in Fighting
  1765 | D:2      | Noticed Robin
  1777 | D:2      | Reached skill level 1 in Armour
  2005 | D:2      | Reached XP level 4. HP: 25/25 MP: 9/13
  2044 | D:2      | Found a hazy altar of Hepliaklqana.
  2196 | D:2      | Noticed Terence
  2220 | D:2      | Killed Terence
  2326 | D:2      | Found a faded altar of an unknown god.
  2799 | D:2      | Noticed Sigmund
  2811 | D:2      | Killed Sigmund
  2812 | D:2      | Reached skill level 6 in Spellcasting
  2812 | D:2      | Reached XP level 5. HP: 7/29 MP: 9/16
  2812 | D:2      | Reached XP level 6. HP: 8/34 MP: 9/17
  3236 | D:2      | Killed Robin
  3522 | D:3      | Found a hazy altar of Hepliaklqana.
  3797 | D:3      | Found a sacrificial altar of Ru.
  4640 | D:4      | Reached skill level 7 in Spellcasting
  5470 | D:5      | Entered Level 5 of the Dungeon
  5512 | D:5      | Reached skill level 1 in Air Magic
  5547 | D:5      | Reached XP level 7. HP: 28/38 MP: 7/20
  5710 | D:5      | Reached skill level 1 in Poison Magic
  6118 | D:5      | Reached skill level 1 in Shields
  6118 | D:5      | Reached skill level 8 in Spellcasting
  6197 | D:5      | Found a basalt altar of Yredelemnul.
  6214 | D:5      | Reached skill level 1 in Evocations
  6566 | D:6      | Noticed Menkaure
  6576 | D:6      | Killed Menkaure
  6585 | D:6      | Reached skill level 9 in Spellcasting
  6585 | D:6      | Reached XP level 8. HP: 15/43 MP: 8/23
  7011 | D:6      | Identified the +7 whip of Mana {speed, Drain rCorr Str-5
                  | Int+7}
  7115 | D:6      | Found a blossoming altar of Fedhas.
  7253 | D:6      | Reached skill level 5 in Conjurations
  7511 | D:6      | Found a staircase to the Ecumenical Temple.
  7516 | Temple   | Entered the Ecumenical Temple
  7638 | Temple   | Became a worshipper of Vehumet
  7750 | D:6      | Reached skill level 10 in Spellcasting
  7952 | D:6      | Noticed a moth of wrath
  7969 | D:6      | Found a bloodstained altar of Trog.
  8287 | D:6      | Identified the +5 short sword of the Chickpea {flame, rC+
                  | Will- Int+3}
  8323 | D:7      | Found Wighe's Antique Weapon Shop.
  8465 | D:7      | Noticed a boulder beetle
  8480 | D:7      | Mangled by a boulder beetle

Illustrated notes

Levels and vault maps discovered:
D:1:      wander_arrival_chamber, layout_basic, serial_shops, shop
D:2:      layout_basic, ebering_ecumenical_altar_hall, basic_altar,
          uniq_sigmund, uniq_robin, uniq_terence
D:3:      layout_loops_ring, nicolae_ru_path_of_blood, lemuel_doored_altar,
          serial_undead, serial_undead_e, serial_undead_b, serial_undead_b,
          serial_undead_e, serial_park_tiny_1, chequers_big_river,
          hangedman_decor_diamond_cutter
D:4:      layout_loops_ring
D:5:      layout_loops_cross, nicolae_yredelemnul_corpse_copse
D:6:      layout_basic, tgw_trog, fedhas_altar_2, temple_doors_e, uniq_menkaure
D:7:      layout_basic, serial_shops, shop, kennysheep_generic_room_5,
          uniq_duvessa
Temple:   eino_temple_scatter_basement

Skill      XL: |  1  2  3  4  5  6  7  8 |
---------------+-------------------------+-----
Spellcasting   | 5 6 7 9 10 | 10.2
Fighting       | 1 2 |  2.0
Conjurations   | 2 3 4 5 |  5.5
Armour         | 1 |  1.9
Dodging        | 3 4 |  4.0
Fire Magic     | 2 3 |  3.8
Air Magic      | 1 |  1.0
Poison Magic   | 1 |  1.0
Shields        | 1 |  1.0
Evocations     | 2 |  2.0
Stealth        | 3 |  3.1
Summonings     | |  1.1
Translocations | |  1.1

Action                   |  1- 3 |  4- 6 |  7- 9 || total
-------------------------+-------+-------+-------++-------
Melee: Dagger            |    14 |     7 |       ||    21
       Short sword       |       |     2 |     2 ||     4
       Scythe            |       |    12 |    33 ||    45
 Cast: Magic Dart        |   110 |   122 |    99 ||   331
       Conjure Flame     |       |     3 |    10 ||    13
       Mephitic Cloud    |       |     7 |     7 ||    14
       Call Imp          |       |     1 |       ||     1
       Blink             |       |       |     3 ||     3
 Stab: Confused          |       |     2 |       ||     2
       Sleeping          |       |       |     2 ||     2
Armor: Robe              |     5 |     1 |       ||     6
       Leather armour    |       |     2 |    13 ||    15
Dodge: Dodged            |    23 |    25 |    65 ||   113

Table legend: (Time is in decaauts)
 A = Elapsed time spent in this place.
 B = Non-inter-level travel time spent in this place.
 C = Inter-level travel time spent in this place.
 D = Time resting spent in this place.
 E = Time spent auto-exploring this place.
 F = Levels seen in this place.
 G = Mean time per level.
                   A        B        C        D        E       F      G
               +--------+--------+--------+--------+--------+-----+--------+
         Total |   8526 |   8302 |    224 |    445 |   6855 |   8 | 1065.8 |
       Dungeon |   8390 |   8178 |    212 |    445 |   6738 |   7 | 1198.6 |
        Temple |    135 |    123 |     12 |      0 |    117 |   1 |  135.0 |
               +--------+--------+--------+--------+--------+-----+--------+

Top non-repeatable levels by time:
     D:2: 1695 daAuts
     D:1: 1693 daAuts
     D:6: 1644 daAuts
     D:3: 1253 daAuts
     D:5: 1101 daAuts
     D:4: 843 daAuts
     D:7: 158 daAuts
  Temple: 135 daAuts
